 Dungeon Crawl Stone Soup version 0.19.0-2-gae57169 (webtiles) character file.

506 Juniper the Slasher (level 6, -4/53 HPs)
             Began as a Draconian Berserker on Nov 3, 2016.
             Was a Priest of Trog.
             Slain by a bullfrog (6 damage)
             ... on level 7 of the Dungeon.
             The game lasted 00:11:07 (2859 turns).

Juniper the Slasher (Draconian Berserker)           Turns: 2859, Time: 00:11:08

Health: -4/53      AC:  8    Str: 21    XL:     6   Next: 97%
Magic:  6/6        EV: 13    Int:  8    God:    Trog [***...]
Gold:   190        SH:  0    Dex: 10    Spells: 0 memorised, 5 levels left

rFire  . . .     SeeInvis .     a - +0 falchion
rCold  . . .     Gourm    .     (armour unavailable)
rNeg   . . .     Faith    .     (no shield)
rPois  .         Spirit   .     (helmet restricted)
rElec  .         Reflect  .     (no cloak)
rCorr  .         Harm     .     (no gloves)
MR     .....                    c - +1 pair of boots
Stlth  +.........               (no amulet)
                                (no ring)
                                (no ring)

@: exhausted, slowed, drained, very slow
A: unfitting armour, cold-blooded, AC +6
a: Berserk, Trog's Hand, Burn Spellbooks, Renounce Religion


You were on level 7 of the Dungeon.
You worshipped Trog.
Trog was most pleased with you.
You were very hungry.

You visited 1 branch of the dungeon, and saw 6 of its levels.

You collected 190 gold pieces.

Inventory:

Hand Weapons
 a - a +0 falchion (weapon)
Armour
 c - a +1 pair of boots (worn)
 e - a +2 helmet of see invisible
Magical Staves
 r - an uncursed staff of poison {unknown}
Jewellery
 d - an uncursed amulet of harm {unknown}
 v - an uncursed ring of ice {unknown}
Wands
 u - a wand of random effects (32/48)
 x - a wand of confusion (38/48)
Scrolls
 f - a scroll of immolation {unknown}
 h - 2 scrolls of blinking {unknown}
 j - 2 scrolls of fear {unknown}
 k - a scroll of fog {unknown}
 o - a scroll of remove curse {unknown}
 p - a scroll of teleportation {unknown}
 w - a scroll of identify {unknown}
Potions
 i - a potion of heal wounds {unknown}
 n - a potion of flight {unknown}
 q - 2 potions of degeneration {unknown}
 s - a potion of might {unknown}
 t - a potion of lignification {unknown}
Comestibles
 b - 3 bread rations
 g - a meat ration
 l - 6 chunks of flesh
 m - a beef jerky


   Skills:
 + Level 4.7(3.6) Fighting
 + Level 6.0(4.9) Long Blades
 + Level 4.3(3.2) Dodging
 + Level 1.0(0.0) Stealth


You had 5 spell levels left.
You didn't know any spells.

Dungeon Overview and Level Annotations

Branches:
Dungeon (7/15)
 Temple: D:4-7

Altars:
Ru
Uskayaw


Innate Abilities, Weirdness & Mutations

Your plain brown scales are hard. (AC +6)
You cannot fit into any form of body armour.
You are cold-blooded and may be slowed by cold attacks.


Message History

The wight closely misses you. x2
You climb downwards. 2 bullfrogs and an ogre come into view.
The bullfrog croaks.
Found a grey potion, 14 gold pieces, a blue potion and 3 tomahawks.
Found an escape hatch in the ceiling.
Found a stone staircase leading up.
There is a stone staircase leading up here.
The bullfrog gives a loud, deep croak!
The bullfrog hits you.
* * * LOW HITPOINT WARNING * * *
The bullfrog closely misses you.
The bullfrog releases a deep croak.
The bullfrog closely misses you. The bullfrog hits you.
* * * LOW HITPOINT WARNING * * *
The bullfrog hits you.
* * * LOW HITPOINT WARNING * * *
The bullfrog closely misses you.
You riposte.
You closely miss the bullfrog. The bullfrog misses you.
You riposte.
You closely miss the bullfrog. The bullfrog hits you.
You die...

##..........#
#...........#
#............
#........<...
#..........#
.##....<.....#.
......!O.......
.###...F.....##
#...F@.....#
#...!..$.....#
###...........#
...............
.##<..........#
##.........##
#.......###
#.#.###.#


You could see an ogre and 2 bullfrogs.

Vanquished Creatures
  An ogre (D:6)
  A bullfrog (D:6)
  A wight (D:6)
  A howler monkey (D:6)
  An orc wizard (D:3)
  An orc priest (D:3)
  2 hounds
  Jessica (D:3)
  7 adders
  2 worms
  A leopard gecko (D:3)
  3 orcs (D:3)
  2 ball pythons
  2 giant cockroaches (D:2)
  10 goblins
  4 hobgoblins
  2 jackals (D:1)
  10 kobolds
  A ball python skeleton (D:4)
  10 bats
  3 frilled lizards
  A leopard gecko skeleton (D:4)
  7 rats
74 creatures vanquished.

Notes
Turn   | Place    | Note
-------+----------+-------------------------------------------
     0 | D:1      | Juniper the Draconian Berserker began the quest for the Orb.
     0 | D:1      | Reached XP level 1. HP: 19/19 MP: 1/1
   260 | D:1      | Reached XP level 2. HP: 26/26 MP: 2/2
  1098 | D:2      | Reached XP level 3. HP: 29/33 MP: 3/3
  1237 | D:2      | Reached ** piety under Trog
  1270 | D:2      | Found a sacrificial altar of Ru.
  1566 | D:2      | Reached XP level 4. HP: 37/40 MP: 4/4
  1590 | D:2      | Found a faded altar of an unknown god.
  1813 | D:3      | Reached skill level 4 in Long Blades
  1883 | D:3      | Noticed a hand axe
  1884 | D:3      | Found a hide-covered altar of Uskayaw.
  1885 | D:3      | Noticed a dagger
  1992 | D:3      | Noticed Jessica
  2005 | D:3      | Reached XP level 5. HP: 18/47 MP: 5/5
  2010 | D:3      | Killed Jessica
  2734 | D:4      | Reached *** piety under Trog
  2768 | D:4      | You fall through a shaft for 2 floors!
  2768 | D:6      | Noticed an ogre
  2783 | D:6      | Reached skill level 5 in Long Blades
  2783 | D:6      | Reached XP level 6. HP: 41/53 MP: 6/6
  2819 | D:6      | Reached skill level 6 in Long Blades
  2819 | D:6      | Reached skill level 1 in Stealth
  2843 | D:6      | HP: 2/79 [wight/trident (2)]
  2859 | D:7      | HP: 2/53 [bullfrog (2)]
  2859 | D:7      | Slain by a bullfrog

Skill      XL: |  1  2  3  4  5  6 |
---------------+-------------------+-----
Dodging        | 3 4 |  4.3
Fighting       | 4 |  4.7
Long Blades    | 4 5 6 |  6.0
Stealth        | 1 |  1.0

Action                   |  1- 3 |  4- 6 || total
-------------------------+-------+-------++-------
Melee: Falchion          |    70 |   133 ||   203
       Tailslap          |     5 |    27 ||    32
Invok: Berserk           |     1 |     3 ||     4
  Eat: Chunk             |     3 |     6 ||     9
Armor: Skin              |    28 |    52 ||    80
Dodge: Dodged            |    82 |   124 ||   206
       Rpst.: Falchion   |    19 |    42 ||    61
